 Dungeon Crawl Stone Soup version bcrawl-1.13.1-9-ga81ed0b431 (webtiles) character file.

Game seed: 6976011190976302364

37 Revguard the Ducker (level 3, -1/39 HPs)
             Began as a Demonspawn Archaeologist on Aug 8, 2019.
             Slain by Crazy Yiuf
             ... wielding a +2 quarterstaff of chaos
              (3 damage)
             ... on level 2 of the Dungeon.
             The game lasted 00:05:31 (2348 turns).

Revguard the Ducker (Demonspawn Archaeologist)      Turns: 2348, Time: 00:05:32

Health: -1/39      AC: 21    Str:  8 (11) XL:     3   Next: 23%
Magic:  1/3        EV:  2    Int: 13 (15) God:
Gold:   169        SH:  0    Dex: 11 (12) Spells: 2/2 levels left

rFire    . . .     SeeInvis .   a - +0 whip
rCold    . . .     Gourm    .   (no shield)
rNeg     + + +     Faith    .   (armour currently unavailable)
rPois    +         Spirit   .   (helmet currently unavailable)
rElec    +         Reflect  .   (cloak currently unavailable)
rCorr    .         Harm     .   (gloves currently unavailable)
MR       +....     Clarity  +   (boots currently unavailable) Stlth ++........NoTele +
                                (no amulet)
HPRegen  0.13/turn              h - ring of insulation
MPRegen  0.08/turn              (no ring)

@: tree-form, slowed, studying Long Blades, lightly drained, very slow
A: clarity, magic resistance 1, sense surroundings 1
a: no special abilities


You were on level 2 of the Dungeon.
You were hungry.
You were a tree.
You visited 1 branch of the dungeon, and saw 2 of its levels.

You collected 169 gold pieces.

Inventory:

Hand Weapons
 a - a +0 whip (weapon)
Armour
 b - a +1 robe
 c - a +1 hat (melded)
 d - a +1 pair of boots (melded)
 j - a +1 ring mail (melded)
Jewellery
 h - a ring of insulation (left branch)
Scrolls
 i - a scroll of identify
 k - a scroll of teleportation
 n - a scroll of magic mapping
 o - a scroll of enchant armour
Books
 e - a manual of Long Blades
Miscellaneous
 f - an ancient crate
Comestibles
 g - 4 rations {!d}


   Skills:
 - Level 1.4(1.2) Fighting
 * Level 0.5(0.3) Long Blades
 - Level 1.3(1.1) Maces & Flails
 - Level 1.2(1.0) Armour
 - Level 3.1(2.9) Dodging
 - Level 3.0(2.7) Stealth


You had 2 spell levels left.
You didn't know any spells.
Your spell library was empty.

Dungeon Overview and Level Annotations

Branches:
Dungeon (2/12)

Altars:
Gozag
Lugonu
Uskayaw
Vehumet
Beogh

Annotations:
D:2 Crazy Yiuf


Innate Abilities, Weirdness & Mutations

((Your flesh is cold resistant. (rC+)))
You possess an exceptional clarity of mind.
You are resistant to hostile enchantments. (MR+)
You passively map a small area around you.
((You are resistant to electric shocks. (rElec)))


Message History

Crazy Yiuf is moderately wounded.
Crazy Yiuf hits you with a +2 quarterstaff of chaos.
* * * LOW HITPOINT WARNING * * *
Crazy Yiuf freezes you.
* * * LOW HITPOINT WARNING * * *
You hit Crazy Yiuf but do no damage.
Crazy Yiuf is moderately wounded.
Crazy Yiuf hits you but does no damage.
You hit Crazy Yiuf.
Crazy Yiuf is heavily wounded.
You barely miss Crazy Yiuf.
Crazy Yiuf is heavily wounded.
Crazy Yiuf grits, "Citrus fast koolooloo!"
Crazy Yiuf hits you with a +2 quarterstaff of chaos.
* * * LOW HITPOINT WARNING * * *
You feel yourself slow down.
You closely miss Crazy Yiuf.
Crazy Yiuf is heavily wounded.
Crazy Yiuf hits you with a +2 quarterstaff of chaos.
You die...

#.##.##.#
#.#####..#
#.##.##.#
#.##.....#
#.##..###
####.##.##
## #.#####
##.##.# #.
#.#####
#####
#.....# #.
#.....#
#..)#
#..########)
#######
#...# ####
#..... #.g.#
#.###. #♣#*
####.###.
##.#
#).......
#.##
#.##.##..
##.#
#.##.##.#
#.##
#.##.##.#
##.##
#.##.##.#
#.PP##
#.##.##.#
#P...#
#.......#
#....#
#.#....##


You could see Crazy Yiuf.

Vanquished Creatures
  An adder (D:2)
  A dart slug (D:1)
  A leopard gecko (D:2)
  A bat (D:2)
  A giant cockroach (D:2)
  A goblin (D:1)
  6 hobgoblins
  2 jackals (D:1)
  2 kobolds
  A quokka (D:2)
  2 ball pythons (D:1)
  2 frilled lizards
  2 rats (D:1)
23 creatures vanquished.

Notes
Turn   | Place    | Note
-------+----------+-------------------------------------------
     0 | D:1      | Revguard the Demonspawn Archaeologist began the quest for
                  | the Orb.
     0 | D:1      | Reached XP level 1. HP: 15/15 MP: 1/1
   537 | D:1      | Found a roughly hewn altar of Beogh.
   537 | D:1      | Noticed an orc wizard
   537 | D:1      | Noticed an orc priest
   537 | D:1      | Noticed an orc priest
   537 | D:1      | Noticed an orc warrior
   545 | D:1      | Reached skill level 1 in Maces & Flails
   545 | D:1      | Gained mutation: Your flesh is cold resistant. (rC+)
                  | [demonic ancestry]
   545 | D:1      | Reached XP level 2. HP: 13/21 MP: 2/2
  1553 | D:2      | Reached skill level 1 in Armour
  1603 | D:2      | Found a corrupted altar of Lugonu.
  1613 | D:2      | Found a hide-covered altar of Uskayaw.
  1616 | D:2      | Found a radiant altar of Vehumet.
  1619 | D:2      | Found an opulent altar of Gozag.
  1810 | D:2      | Reached XP level 3. HP: 12/26 MP: 3/3
  2261 | D:2      | Found a runed door.
  2324 | D:2      | Noticed Crazy Yiuf
  2334 | D:2      | Gained mutation: You possess an exceptional clarity of
                  | mind. [potion of mutation]
  2334 | D:2      | Gained mutation: You passively map a small area around you.
                  | [potion of mutation]
  2334 | D:2      | Gained mutation: You are resistant to hostile enchantments.
                  | (MR+) [potion of mutation]
  2334 | D:2      | Gained mutation: You are resistant to electric shocks.
                  | (rElec) [potion of mutation]
  2348 | D:2      | Slain by Crazy Yiuf

Skill      XL: |  1  2 |
---------------+-------+-----
Maces & Flails | 1 |  1.3
Dodging        | 3 |  3.1
Armour         | 1 |  1.2
Fighting       | |  1.4
Long Blades    | |  0.5
Stealth        | |  3.0

Action                   || total
-------------------------++-------
Melee: Whip              ||   175
  Use: Scroll            ||     7
       Potion            ||     5
 Stab: Sleeping          ||     3
  Eat: Chunk             ||     4
Armor: Robe              ||    22
       Ring mail         ||    53
       Skin              ||     3
Dodge: Dodged            ||   104
